 Dungeon Crawl Stone Soup version 0.29.1-2-gbd0b4ee654 (webtiles) character file.

Game seed: 5351011146278383747

696 zeram the Covert (level 7, -4/41 HPs)
             Began as an Octopode Enchanter on Nov 7, 2022.
             Slain by an ogre
             ... wielding a +0 giant club
              (26 damage)
             ... on level 6 of the Dungeon.
             The game lasted 00:06:59 (5453 turns).

zeram the Covert (Octopode Enchanter)               Turns: 5453, Time: 00:07:02

Health: -4/41      AC:  1    Str:  8    XL:     7   Next: 64%
Magic:  8/10       EV: 14    Int: 19    God:
Gold:   263        SH:  0    Dex: 12    Spells: 5/10 levels left

rFire   . . .      SeeInvis .   f - +0 dagger (venom)
rCold   . . .      Faith    .   (no shield)
rNeg    . . .      Spirit   .   (helmet restricted)
rPois   .          Reflect  .   (no amulet)
rElec   .          Harm     .   c - ring of resist corrosion
rCorr   +          Rampage  .   (no ring)
Will    .....                   (no ring)
Stlth   +++++.....              (no ring)
HPRegen 0.13/turn               (no ring)
MPRegen 0.12/turn               (no ring)
                                (no ring)
                                (no ring)

@: no status effects
A: almost no armour, amphibious, 8 rings, camouflage 1, gelatinous body 1,
(nimble swimmer 1), tentacles
a: no special abilities


You were on level 6 of the Dungeon.
You visited 1 branch of the dungeon, and saw 6 of its levels.

You collected 263 gold pieces.

Inventory:

Hand Weapons
 a - a +1 dagger
 f - a +0 dagger of venom (weapon)
Jewellery
 c - a ring of resist corrosion (left tentacle)
Wands
 r - a wand of flame (19)
Scrolls
 l - 2 scrolls of teleportation
 n - a scroll of enchant armour
 q - 3 scrolls of butterflies
 s - a scroll of identify
Potions
 b - 2 potions of invisibility
 d - a potion of degeneration
 e - 2 potions of heal wounds
 g - a potion of ambrosia
 h - a potion of haste {unknown}
 i - a potion of lignification
 j - a potion of mutation {unknown}
 k - 3 potions of curing
 m - a potion of might {unknown}
 o - a potion of brilliance {unknown}
 p - a potion of attraction {unknown}


   Skills:
 + Level 3.7 Short Blades
 + Level 3.6 Dodging
 + Level 8.8 Stealth
 + Level 2.4 Spellcasting
 * Level 4.1 Hexes
 + Level 0.4 Ice Magic


You had 5 spell levels left.
You knew the following spells:

 Your Spells              Type           Power      Damage    Failure   Level
a - Ensorcelled Hibernat  Hex/Ice        22%        N/A       10%         2
b - Dazzling Flash        Conj/Hex       20%        N/A       21%         3

Your spell library contained the following spells:

 Spells                   Type           Power      Damage    Failure   Level
 Confusing Touch          Hex            18%        N/A       9%          3
 Tukima's Dance           Hex            18%        N/A       9%          3
 Portal Projectile        Hex/Tloc       20%        N/A       21%         3
 Passwall                 Tmut/Erth      1%         N/A       24%         2
 Call Canine Familiar     Summ           2%         N/A       43%         3
 Swiftness                Air            2%         N/A       43%         3
 Leda's Liquefaction      Hex/Erth       5%         N/A       56%         4


Dungeon Overview and Level Annotations

Branches:
Dungeon (6/15)
 Temple: D:4-7

Altars:
Kikubaaqudgha
Xom


Innate Abilities, Weirdness & Mutations

You cannot wear most types of armour.
You are amphibious.
You can wear up to eight rings at the same time.
Your skin changes colour to match your surroundings (Stealth+).
Your rubbery body absorbs attacks. (AC +1, EV +1)
((You are camouflaged when in or above water. (Stealth+)))
You have tentacles for arms and can constrict up to eight enemies at once.


Message History

The orc is heavily wounded.
The orc hits you with a +0 club.
You hit the orc.
The orc looks as sick as possible!
Your grab misses the orc.
The orc is almost dead.
You kill the orc!
You hit the scorpion but do no damage.
The scorpion is poisoned.
You grab the scorpion. You constrict the scorpion.
The scorpion closely misses you.
You hit the scorpion.
The scorpion looks as sick as possible!
The scorpion is lightly wounded.
You constrict the scorpion, but do no damage.
The scorpion stings you but does no damage.
You hit the scorpion.
The scorpion looks as sick as possible!
You squeeze the scorpion!
You kill the scorpion!
You completely miss the jelly. The jelly hits you.
You are splashed with acid.
You resist.
You hit the jelly.
The jelly is poisoned.
Your tentacles burn!
The jelly is moderately wounded.
The jelly hits you.
You are splashed with acid.
You resist.
You hit the jelly.
Your tentacles burn!
The jelly is heavily wounded.
The jelly misses you.
You hit the jelly but do no damage.
Your tentacles burn!
The jelly is heavily wounded.
The jelly barely misses you.
You hit the jelly.
Your tentacles burn!
You squeeze the jelly, but do no damage.
The jelly is severely wounded.
You hit the jelly.
You kill the jelly!
Casting: Ensorcelled Hibernation (safe; 10% risk of failure)
Confirm with . or Enter, or press ? or * to list all spells.
Aiming: Ensorcelled Hibernation (safe; 10% risk of failure)
Press: ? - help, Shift-Dir - straight line, f - ogre
Aim: an ogre, wielding a +0 giant club (chance to affect: 45%)
The ogre resists with some effort.
The ogre hits you with a +0 giant club!!
Ouch! That really hurt!
You die...

.?####################
.......O@...........>#
###./..#############.#
#.... #.....# #....
#.###.#### ##### #.#
#...<# #.# #..###
#######.# #..#
#..>....# #.)#
##.###..####))#


You could see an ogre.

Vanquished Creatures
  Grinder (D:3)
  An ogre (D:5)
  A kobold brigand (D:6)
  A necrophage (D:5)
  A scorpion (D:6)
  An orc priest (D:5)
  A hound (D:5)
  A jelly (D:6)
  2 adders
  2 shadow imps (D:6)
  An ufetubus (D:4)
  3 worms (D:2)
  2 dart slugs
  8 orcs
  7 endoplasms
  5 giant cockroaches
  6 goblins
  7 hobgoblins
  7 jackals (D:3)
  2 quokkas
  6 ball pythons
  9 bats
  A frilled lizard (D:2)
  8 kobolds
  2 rats
86 creatures vanquished.

Notes
Turn   | Place    | Note
-------+----------+-------------------------------------------
     0 | D:1      | zeram the Octopode Enchanter began the quest for the Orb.
     0 | D:1      | Reached XP level 1. HP: 11/11 MP: 3/3
   490 | D:1      | Reached XP level 2. HP: 17/17 MP: 5/5
  1703 | D:2      | Reached XP level 3. HP: 20/21 MP: 6/6
  1710 | D:2      | Learned a level 2 spell: Ensorcelled Hibernation
  1948 | D:2      | Reached skill level 5 in Stealth
  2354 | D:2      | Reached XP level 4. HP: 27/27 MP: 7/7
  2358 | D:2      | Learned a level 3 spell: Dazzling Flash
  2797 | D:3      | Found an ancient bone altar of Kikubaaqudgha.
  3291 | D:3      | Noticed Grinder
  3300 | D:3      | Paralysed by Grinder for 4 turns
  3303 | D:3      | Killed Grinder
  3304 | D:3      | Reached skill level 7 in Stealth
  3304 | D:3      | Reached XP level 5. HP: 8/31 MP: 8/8
  3304 | D:3      | Reached XP level 6. HP: 9/36 MP: 9/9
  3541 | D:3      | Found a faded altar of an unknown god.
  4071 | D:5      | Entered Level 5 of the Dungeon
  4082 | D:5      | Reached skill level 8 in Stealth
  4364 | D:5      | Reached XP level 7. HP: 11/41 MP: 7/10
  5405 | D:6      | Found a shimmering altar of Xom.
  5453 | D:6      | Slain by an ogre

Illustrated notes

Levels and vault maps discovered:
D:1:      dpeg_arrival_round_c, layout_basic
D:2:      layout_basic
D:3:      layout_basic, mainiacjoe_overflow_alcove_4,
          hellmonk_ecumenical_altar_inner_sanctum, uniq_grinder
D:4:      minmay_clustersquares, layout_basic
D:5:      layout_loops_ring
D:6:      layout_basic, general_overflow_altar, mainiacjoe_overflow_chevrons

Skill      XL: |  1  2  3  4  5  6  7 |
---------------+----------------------+-----
Stealth        | 5 7 8 |  8.8
Short Blades   | 2 3 |  3.7
Dodging        | 3 |  3.6
Hexes          | 4 |  4.1
Spellcasting   | |  2.4
Ice Magic      | |  0.4

Action                   |  1- 3 |  4- 6 |  7- 9 || total
-------------------------+-------+-------+-------++-------
Melee: Dagger            |    73 |    78 |    45 ||   196
       Tentacles         |    11 |    14 |    12 ||    37
       Constrict         |    12 |    21 |     8 ||    41
 Cast: Ensorcelled Hiber |       |     3 |     1 ||     4
  Use: Scroll            |     9 |     3 |     2 ||    14
       Potion            |       |     1 |       ||     1
 Stab: Sleeping          |    14 |    12 |     1 ||    27
Armor: Skin              |     9 |    10 |     1 ||    20
Dodge: Dodged            |    41 |    55 |    24 ||   120
